 Dungeon Crawl Stone Soup version 0.21-a0-404-g291f19a (webtiles) character file.

1164 firefreeman the Basher (level 8, -12/117 HPs)
             Began as a Minotaur Berserker on Oct 26, 2017.
             Was a Priest of Trog.
             Mangled by an orc warrior
             ... wielding a +0 battleaxe
              (15 damage)
             ... on level 6 of the Dungeon.
             The game lasted 00:21:51 (6309 turns).

firefreeman the Basher (Minotaur Berserker)         Turns: 6309, Time: 00:21:52

Health: -12/117    AC: 10    Str: 27 (28) XL:     8   Next: 17%
Magic:  7/7        EV: 11    Int:  3 (4)  God:    Trog [***...]
Gold:   342        SH:  0    Dex:  9 (11) Spells: 7/7 levels left

rFire    . . .     SeeInvis .   G - +0 great mace
rCold    + . .     Gourm    .   (shield currently unavailable)
rNeg     . . .     Faith    .   m - +1 scale mail {rC+}
rPois    .         Spirit   .   (helmet restricted)
rElec    .         Reflect  .   (no cloak)
rCorr    .         Harm     .   C - +0 pair of gloves
MR       .....                  I - +1 pair of boots
Stlth    ..........             (no amulet)
HPRegen  0.29/turn              (no ring)
MPRegen  0.10/turn              (no ring)

@: berserking, lethally poisoned (-12 -> -15), very quick
A: retaliatory headbutt, horns 2
a: Berserk, Trog's Hand, Burn Spellbooks, Renounce Religion


You were on level 6 of the Dungeon.
You worshipped Trog.
Trog was most pleased with you.
You were hungry.

You visited 1 branch of the dungeon, and saw 6 of its levels.

You collected 342 gold pieces.

Inventory:

Hand Weapons
 a - a +0 mace
 e - a +0 dagger of freezing
 s - a +0 dagger of speed
 G - a +0 great mace (weapon)
Missiles
 t - 20 poisoned needles
Armour
 b - a +0 animal skin
 i - a +1 plate armour
 m - a +1 scale mail of cold resistance (worn)
 C - a +0 pair of gloves (worn)
 I - a +1 pair of boots (worn)
Jewellery
 l - an uncursed ring of poison resistance {unknown}
 z - an uncursed ring of protection from magic {unknown}
Wands
 v - a wand of paralysis (24/24)
 w - a wand of lightning (7/15)
Scrolls
 f - a scroll of teleportation
 g - a scroll of recharging
 k - 2 scrolls of identify
 y - 2 scrolls of remove curse
 E - a scroll of fear
Potions
 h - a potion of might {unknown}
 p - a potion of flight
 q - a potion of cancellation {unknown}
 r - a potion of ambrosia {unknown}
 x - 2 potions of lignification
 A - a potion of agility {unknown}
 B - a potion of magic {unknown}
 D - a potion of heal wounds {unknown}
 J - a potion of curing {unknown}
Comestibles
 c - 3 bread rations
 o - 4 fruits


   Skills:
 + Level 9.0 Fighting
 + Level 9.0 Maces & Flails
 - Level 2.5 Armour
 - Level 2.2 Dodging


You had 7 spell levels left.
You didn't know any spells.

Dungeon Overview and Level Annotations

Branches:
Dungeon (6/15)             Temple (0/1) D:4

Altars:
Dithmenos
Nemelex Xobeh
Okawaru
Trog
The Shining One

Shops:
D:5 %


Innate Abilities, Weirdness & Mutations

You reflexively headbutt those who attack you in melee.
You have a pair of horns on your head.


Message History

The poisoned tomahawk hits you but does no damage.
You are poisoned.
You feel sick.
The orc warrior hits you with a battleaxe!!
* * * LOW HITPOINT WARNING * * *
Okay, then.
A red film seems to cover your vision as you go berserk!
You feel yourself moving faster!
You feel mighty!
You are feeling hungry.
* * * LOW HITPOINT WARNING * * *
You feel sick.
Unknown command.
You bludgeon the orc warrior!! You headbutt the orc warrior.
The orc warrior is almost dead.
* * * LOW HITPOINT WARNING * * *
You feel sick. The orc warrior completely misses you.
You closely miss the orc warrior.
The orc warrior is almost dead.
The orc warrior hits you with a battleaxe!
You die...

#.#..#...######.#.
#................
###..#...######.# #
##<.#...######.#.#####
...........................
.......o.....).....)#.#####
##.....#.#.#(#####..# #
#.....#.#o#)# #..#
.......#.#.@># #..#
...#####.#........... ...
.######.##.##. ##.# .# #.#
#


You could see an orc warrior.

Vanquished Creatures
  Menkaure (D:4)
  3 sky beasts (D:5)
  An orc warrior (D:6)
  A phantom (D:4)
  A bullfrog (D:4)
  A scorpion (D:4)
  A howler monkey (D:4)
  2 hounds
  A jelly (D:5)
  4 orc wizards
  Ijyb (D:3)
  A worker ant (D:5)
  8 adders
  2 oozes
  3 worms (D:2)
  3 dart slugs
  A leopard gecko (D:1)
  21 orcs
  3 giant cockroaches
  7 goblins
  9 hobgoblins
  7 kobolds
  4 quokkas
  A ball python (D:2)
  6 bats
  3 frilled lizards (D:1)
  A quokka skeleton (D:5)
  9 rats
106 creatures vanquished.

Vanquished Creatures (others)
  A dart slug (D:1)
1 creature vanquished.

Grand Total: 107 creatures vanquished

Notes
Turn   | Place    | Note
-------+----------+-------------------------------------------
     0 | D:1      | firefreeman the Minotaur Berserker began the quest for the Orb.
     0 | D:1      | Reached XP level 1. HP: 19/19 MP: 0/0
   244 | D:1      | Reached XP level 2. HP: 27/27 MP: 1/1
   850 | D:1      | Reached XP level 3. HP: 31/33 MP: 2/2
  1077 | D:2      | Reached ** piety under Trog
  1148 | D:2      | Found a glowing golden altar of the Shining One.
  1498 | D:2      | Noticed a moth of wrath
  1501 | D:2      | Found a bloodstained altar of Trog.
  2457 | D:3      | Reached XP level 4. HP: 41/41 MP: 3/3
  2488 | D:3      | Reached skill level 5 in Maces & Flails
  2557 | D:3      | Reached skill level 5 in Fighting
  2778 | D:3      | Reached XP level 5. HP: 48/48 MP: 4/4
  3172 | D:3      | Noticed Ijyb
  3180 | D:3      | Killed Ijyb
  3552 | D:4      | Noticed Menkaure
  3558 | D:4      | Killed Menkaure
  3558 | D:4      | Reached XP level 6. HP: 29/58 MP: 5/5
  3911 | D:4      | Reached XP level 7. HP: 37/66 MP: 6/6
  4397 | D:4      | Found a staircase to the Ecumenical Temple.
  4597 | D:4      | Found an iron altar of Okawaru.
  4737 | D:5      | Entered Level 5 of the Dungeon
  5650 | D:5      | Reached *** piety under Trog
  5807 | D:5      | Found a shadowy altar of Dithmenos.
  5809 | D:5      | Found Duamip's Food Emporium.
  5828 | D:5      | Reached XP level 8. HP: 71/75 MP: 7/7
  5946 | D:5      | Found a sparkling altar of Nemelex Xobeh.
  6306 | D:6      | HP: 3/78 [orc warrior/battleaxe (18)]
  6309 | D:6      | Mangled by an orc warrior

Vault maps used:
D:1:      dpeg_arrival_more_subterranean_lakeside_camping, lemuel_old_faithful
D:2:      lemuel_round_altar, tgw_trog, kennysheep_nub, serial_bayou_lagoon_a
D:3:      first_bread, kennysheep_another_room, uniq_ijyb
D:4:      kennysheep_mini_moat, minmay_temple_entry_from_below_a,
          serial_co_window_serial, co_window_corner_a, co_window_paths_a,
          co_window_paths_a, co_window_paths_b, co_window_of_opportunity_a,
          co_window_paths_b, co_window_paths_b, co_window_of_opportunity_a,
          co_window_of_opportunity_a, co_window_paths_c, co_window_2corner,
          co_window_2corner, glass_columns_c, glass_columns_c, glass_columns_a,
          minmay_vboxes, uniq_menkaure
D:5:      nicolae_dithmenos_shadow_blocks, nemelex_xobeh_ov_fountains_minmay,
          serial_shops, shop
D:6:      wad_lake_hut, elyvilon_altar_4, uniq_sigmund

Skill      XL: |  1  2  3  4  5  6  7  8 |
---------------+-------------------------+-----
Maces & Flails | 4 5 6 7 8 9 |  9.0
Fighting       | 4 5 6 7 8 9 |  9.0
Armour         | |  2.5
Dodging        | |  2.2

Action                   |  1- 3 |  4- 6 |  7- 9 || total
-------------------------+-------+-------+-------++-------
Melee: Mace              |    10 |       |       ||    10
       Dagger            |   108 |   160 |    92 ||   360
       Headbutt          |    16 |    34 |    23 ||    73
       Great mace        |       |       |    40 ||    40
Invok: Berserk           |       |     1 |     2 ||     3
       Burn Spellbooks   |       |       |     1 ||     1
  Use: Potion            |       |       |     2 ||     2
       Scroll            |       |       |    10 ||    10
  Eat: Chunk             |     5 |     6 |     2 ||    13
       Bread ration      |       |       |     1 ||     1
       Royal jelly       |       |       |     1 ||     1
Armor: Animal skin       |     6 |       |       ||     6
       Plate armour      |    59 |    76 |    73 ||   208
       Scale mail        |       |       |    14 ||    14
Dodge: Dodged            |    49 |    43 |    41 ||   133

Table legend:
 A = Spawn XP
 B = Non-spawn XP
 C = Spawn XP percentage of total XP
 D = Spawn monster count
 E = Non-spawn monster count
 F = Spawn count percentage of total count
 G = Total turns spent on level
                    A         B        C        D         E        F      G
               +---------+---------+-------+---------+---------+-------+---------
         Total |       0 |    1663 |   0.0 |       0 |     106 |   0.0 |  6309
               +---------+---------+-------+---------+---------+-------+---------
           D:1 |       0 |      42 |   0.0 |       0 |      24 |   0.0 |  1034
           D:2 |       0 |      53 |   0.0 |       0 |      21 |   0.0 |  1543
           D:3 |       0 |     205 |   0.0 |       0 |      22 |   0.0 |   870
           D:4 |       0 |     648 |   0.0 |       0 |      18 |   0.0 |  1553
           D:5 |       0 |     570 |   0.0 |       0 |      16 |   0.0 |  1264
           D:6 |       0 |     145 |   0.0 |       0 |       5 |   0.0 |    45
               +---------+---------+-------+---------+---------+-------+---------
